 Dungeon Crawl Stone Soup version 0.20.1-1-g8b1a95d (webtiles) character file.

9805 Sandy the Nimble (level 11, -27/51 HPs)
             Began as a Felid Monk on Aug 30, 2017.
             Was the Champion of Dithmenos.
             Annihilated by a glaive of venom (48 damage)
             ... on level 2 of the Elven Halls.
             The game lasted 01:25:54 (13096 turns).

Sandy the Nimble (Felid Monk)                      Turns: 13096, Time: 01:25:55

Health: -27/51     AC:  4    Str:  9    XL:     11   Next: 27%
Magic:  12/12      EV: 32    Int: 13    God:    Dithmenos [******]
Gold:   901        SH:  0    Dex: 22    Spells: 10/10 levels left
                                        Lives:  0   Deaths: 3

rFire    . . .     SeeInvis +     - Unarmed
rCold    . . .     Gourm    .   (shield unavailable)
rNeg     . . .     Faith    .   (armour unavailable)
rPois    .         Spirit   .   (helmet unavailable)
rElec    .         Reflect  .   (cloak unavailable)
rCorr    .         Harm     +   (gloves unavailable)
MR       +....                  (boots unavailable)
Stlth    ++++++++++             u - amulet of harm
Regen    0.2/turn               t - ring of flight
MPRegen  0.2/turn               c - +5 ring of dexterity

@: lethally poisoned (-27 -> -43), wreathed by umbra, quick
A: no armour, no weapons or thrown items, stealth, claws 1, fangs 3, horns 1,
molten scales 1, see invisible, blink, carnivore 3, clumsy 1, speed 1, shaggy
fur 2, slow metabolism 1, wild magic 1, evolution 1, sharp paws
a: Blink, Shadow Step, Shadow Form, Renounce Religion, Evoke Flight


You were on level 2 of the Elven Halls.
You worshipped Dithmenos.
Dithmenos was exalted by your worship.
You were completely stuffed.

You visited 4 branches of the dungeon, and saw 15 of its levels.

You collected 956 gold pieces.
You spent 55 gold pieces at shops.

Inventory:

Jewellery
 c - a +5 ring of dexterity (right paw)
 q - an uncursed ring of teleportation
 t - a ring of flight (left paw)
 u - an amulet of harm (around neck)
 x - an uncursed ring of ice
Wands
 g - a wand of acid (0/15)
 i - a wand of acid (5/15)
 j - a wand of iceblast (0/15)
 r - a wand of digging (10/24)
 v - a wand of iceblast (4/15)
 w - a wand of paralysis (11/24)
Scrolls
 d - 2 scrolls of enchant armour
 e - 2 scrolls of remove curse
 f - 7 scrolls of identify
 l - 7 scrolls of teleportation
 m - 2 scrolls of amnesia
 o - 2 scrolls of blinking
 p - a scroll of fog
Potions
 h - a potion of agility
 k - 2 potions of haste
 n - 2 potions of brilliance
 s - 3 potions of flight
 A - a potion of cancellation
Books
 y - the Almanac of Flight and Flames
   (You found it on level 9 of the Dungeon)

   Spells                             Type                      Level
   a - Shock                          Conjuration/Air              1
   b - Static Discharge               Conjuration/Air              3
   c - Mephitic Cloud                 Conjuration/Poison/Air       3
   d - Airstrike                      Air                          4
   e - Summon Lightning Spire         Summoning/Air                4
   f - Bolt of Magma                  Conjuration/Fire/Earth       5
Comestibles
 a - 10 meat rations
 b - 12 royal jellies


   Skills:
 - Level 8.0 Fighting
 + Level 13.6 Dodging
 + Level 13.0 Stealth
 - Level 11.9 Unarmed Combat


You had 10 spell levels left.
You didn't know any spells.

Dungeon Overview and Level Annotations

Branches:
Dungeon (10/15)            Temple (1/1) D:4             Orc (2/2) D:9
    Elf (2/3) Orc:2
   Lair: D:8-11

Altars:
Ashenzari
Cheibriados
Dithmenos
Elyvilon
Fedhas
Gozag
Hepliaklqana
Kikubaaqudgha
Makhleb
Nemelex Xobeh
Okawaru
Qazlal
Ru
Sif Muna
Trog
Uskayaw
Vehumet
Xom
Yredelemnul
Zin
The Shining One

Shops:
D:6 *   Orc:2 =

Annotations:
D:9 1 runed door, exclusion: 4 orange crystal statues


Innate Abilities, Weirdness & Mutations

You cannot wear armour.
You are incapable of wielding weapons or throwing items.
Your paws allow you to move quietly. (Stealth)
You have sharp claws.
You have razor-sharp teeth.
You have supernaturally acute eyesight. (SInv)
You are carnivorous and can eat meat at any time.
You cover ground quickly.
You are covered in thick fur. (AC +2)
You have a slow metabolism.
Your sharp claws are effective at attacking unaware monsters.
You have a pair of small horns on your head.
You are partially covered in molten scales. (AC +2)
You can translocate small distances at will.
You are clumsy. (Dex -2)
Your spells are a little harder to cast, but a little more powerful.
You evolve.


Message History

There is a stone staircase leading up here.
You see here 16 stones.
You pounce on the unaware helpless deep elf archer!
You eviscerate the deep elf archer!!!!!
You kill the deep elf archer!
Dithmenos accepts your kill.
The helpless air elemental fails to defend itself.
You eviscerate the air elemental!!!!!
You destroy the air elemental!
Dithmenos accepts your kill.
Your Stealth skill increases to level 13!
The glaive of venom hits you from afar!!
Ouch! That really hurt!
You emit a cloud of dark smoke.
You are poisoned.
There is a stone staircase leading up, spattered with blood here.
You feel sick.
The glaive of venom hits you from afar!!!
Ouch! That really hurt!
You die...

#######
..[..###
###.....#+#
#.>.......#
#.....)...#
+..§(§(..[#
#..§§§§...#
#!.§§@§...#
###.§§§?###
###.### ###


You could see a glaive of venom.

Vanquished Creatures
  Erolcha (D:9)
  A dancing weapon (Elf:1)
  2 two-headed ogres (D:9)
  3 deep elf archers
  The ghost of vineage the Slasher, a novice DsGl of Okawaru (D:8)
  3 orc sorcerers
  5 deep elf magi (Elf:1)
  A troll (D:10)
  A queen bee (D:8)
  A wyvern (D:10)
  Sigmund (D:3)
  A water elemental (Elf:1)
  An air elemental (Elf:2)
  7 wargs
  2 ice beasts (D:6)
  A sky beast (D:8)
  5 orc warriors
  A black bear (D:9)
  3 centaurs
  7 necrophages
  5 ogres
  A big kobold (D:7)
  6 bullfrogs
  A wyvern zombie (D:8)
  A water moccasin zombie (D:7)
  4 scorpions
  19 killer bees
  6 wights
  5 howler monkeys
  3 crimson imps
  2 bullfrog zombies (D:7)
  A jelly (D:8)
  5 orc priests
  A centaur skeleton (D:9)
  5 hounds
  Jessica (D:8)
  An iguana (D:4)
  Ijyb (D:5)
  12 orc wizards
  4 worker ants
  A killer bee zombie (D:5)
  A hound skeleton (D:4)
  A mummy (D:7)
  2 worker ant zombies (D:7)
  4 gnolls (D:3)
  12 adders
  2 shadow imps
  An ooze (D:3)
  An adder skeleton (D:3)
  2 adder zombies (D:7)
  4 worms
  4 dart slugs
  The ghost of Sandy the Charlatan, a weakling FeAr (D:3)
  6 leopard geckos
  50 orcs
  6 giant cockroaches
  10 goblins
  10 hobgoblins
  12 jackals
  11 kobolds
  2 quokkas
  2 ball pythons
  11 bats
  10 frilled lizards
  A jackal skeleton (D:5)
  A leopard gecko skeleton (D:5)
  3 quokka zombies
  11 rats
314 creatures vanquished.

Notes
Turn   | Place    | Note
-------+----------+-------------------------------------------
     0 | D:1      | Sandy the Felid Monk began the quest for the Orb.
     0 | D:1      | Reached XP level 1. HP: 10/10 MP: 2/2
   184 | D:2      | Found a basalt altar of Yredelemnul.
   185 | D:2      | Found a shattered altar of Ashenzari.
   260 | D:2      | Reached XP level 2. HP: 9/14 MP: 3/3
   497 | D:3      | Noticed Sigmund
   617 | D:2      | Reached XP level 3. HP: 15/17 MP: 4/4
   989 | D:4      | Found a staircase to the Ecumenical Temple.
   998 | Temple   | Entered the Ecumenical Temple
  1202 | Temple   | Became a worshipper of Dithmenos the Shadowed
  1202 | Temple   | Reached * piety under Dithmenos
  1202 | Temple   | Reached ** piety under Dithmenos
  1552 | D:1      | Reached XP level 4. HP: 19/21 MP: 5/5
  2488 | D:4      | Reached skill level 5 in Unarmed Combat
  2488 | D:4      | Reached XP level 5. HP: 24/24 MP: 6/6
  2497 | D:4      | Reached *** piety under Dithmenos
  2497 | D:4      | Reached skill level 5 in Stealth
  2858 | D:3      | Noticed Sandy's ghost (weakling FeAr)
  2877 | D:3      | Killed Sandy's ghost
  2960 | D:5      | Entered Level 5 of the Dungeon
  2960 | D:5      | Noticed Ijyb
  2962 | D:5      | Killed Ijyb
  3034 | D:5      | Gained mutation: You are covered in thick fur. (AC +2) [Felid growth]
  3034 | D:5      | Reached XP level 6. HP: 28/28 MP: 7/7
  3818 | D:6      | Noticed an ice beast
  3852 | D:5      | Reached XP level 7. HP: 31/31 MP: 8/8
  3910 | D:5      | Reached skill level 5 in Dodging
  4114 | D:6      | Found an iron altar of Okawaru.
  4239 | D:5      | Reached **** piety under Dithmenos
  4566 | D:3      | Slain by an orc wizard
  4567 | D:3      | Reached XP level 6. HP: -2/28 MP: 7/7
  4629 | D:3      | Gained mutation: You do not regenerate when monsters are visible. [potion of mutation]
  4629 | D:3      | Gained mutation: You can translocate small distances at will. [potion of mutation]
  4629 | D:3      | Gained mutation: You have a pair of small horns on your head. [potion of mutation]
  4629 | D:3      | Gained mutation: You evolve. [potion of mutation]
  4688 | D:3      | Reached XP level 7. HP: 31/31 MP: 8/8
  4788 | D:3      | Killed Sigmund
  5107 | D:4      | Gained mutation: You are partially covered in molten scales. (AC +2) [evolution]
  5215 | D:6      | Found Duus's Assorted Antiques.
  5230 | D:6      | Bought a scroll labeled HAOLU PIAZILUZUESU for 29 gold pieces
  5601 | D:6      | Bought a sedimented puce potion for 26 gold pieces
  5632 | D:6      | Reached skill level 5 in Fighting
  5879 | D:6      | Reached XP level 8. HP: 37/37 MP: 9/9
  6795 | D:8      | Noticed vineage's ghost (novice DsGl)
  7227 | D:8      | Killed vineage's ghost
  7607 | D:7      | Reached XP level 9. HP: 25/40 MP: 10/10
  7674 | D:7      | Gained mutation: Your spells are a little harder to cast, but a little more powerful. [evolution]
  8033 | D:9      | Found a runed door.
  8538 | D:9      | Noticed a two-headed ogre
  8543 | D:9      | Killed a two-headed ogre
  8543 | D:9      | Reached skill level 10 in Dodging
  8597 | D:8      | Noticed a queen bee
  8638 | D:8      | Reached XP level 10. HP: 14/47 MP: 11/11
  8642 | D:8      | Reached ***** piety under Dithmenos
  8655 | D:8      | HP: 2/47 [poisoned by a killer bee]
  8660 | D:8      | HP: 1/47 [poisoned by a killer bee]
  9593 | D:8      | Noticed Jessica
  9602 | D:8      | Found a deep blue altar of Sif Muna.
  9608 | D:8      | Killed Jessica
  9667 | D:9      | Noticed an orange crystal statue
  9667 | D:9      | Noticed an orange crystal statue
  9667 | D:9      | Noticed an orange crystal statue
  9667 | D:9      | Noticed an orange crystal statue
  9677 | D:10     | Entered Level 10 of the Dungeon
  9792 | D:10     | Reached skill level 10 in Unarmed Combat
  9820 | D:9      | Found a runed door.
  9855 | D:9      | Found a staircase to the Orcish Mines.
  9944 | D:9      | Identified the Almanac of Flight and Flames
  9964 | D:9      | Noticed Erolcha
 10195 | Orc:1    | Entered Level 1 of the Orcish Mines
 10573 | D:9      | Noticed a two-headed ogre
 10580 | D:9      | Slain by a two-headed ogre
 10581 | D:9      | Reached XP level 9. HP: 0/44 MP: 10/10
 11037 | D:9      | Killed a two-headed ogre
 11085 | D:9      | Annihilated by Erolcha
 11086 | D:9      | Reached XP level 8. HP: -25/40 MP: 9/9
 11091 | D:9      | Killed Erolcha
 11091 | D:9      | Reached XP level 9. HP: 44/44 MP: 10/10
 11096 | D:9      | Lost mutation: You do not regenerate when monsters are visible. [evolution]
 11765 | Orc:2    | Entered Level 2 of the Orcish Mines
 11865 | Orc:2    | Found a staircase to the Elven Halls.
 11883 | Orc:2    | Reached skill level 10 in Stealth
 11904 | Elf:1    | Entered Level 1 of the Elven Halls
 11904 | Elf:1    | Noticed an orc sorcerer
 11904 | Elf:1    | Noticed a deep elf mage
 11906 | Elf:1    | Killed an orc sorcerer
 11906 | Elf:1    | Reached XP level 10. HP: 48/48 MP: 11/11
 11912 | Elf:1    | Killed a deep elf mage
 11943 | Elf:1    | Noticed a deep elf archer
 11946 | Elf:1    | Killed a deep elf archer
 11987 | Elf:1    | Noticed a deep elf mage
 11990 | Elf:1    | Killed a deep elf mage
 12036 | Elf:1    | Noticed a deep elf mage
 12042 | Elf:1    | Killed a deep elf mage
 12059 | Elf:1    | Noticed a deep elf archer
 12095 | Elf:1    | Noticed a hand axe of venom
 12160 | Orc:2    | Found Fualucs's Jewellery Shop.
 12191 | Orc:2    | Noticed an orc sorcerer
 12201 | Orc:2    | Killed an orc sorcerer
 12202 | Orc:2    | Reached ****** piety under Dithmenos
 12209 | Orc:2    | Noticed an orc sorcerer
 12217 | Orc:2    | Killed an orc sorcerer
 12242 | Orc:2    | Noticed an orc sorcerer
 12466 | Elf:1    | Gained mutation: You are clumsy. (Dex -2) [evolution]
 12623 | Elf:1    | Killed a deep elf archer
 12623 | Elf:1    | Reached XP level 11. HP: 51/51 MP: 12/12
 12635 | Elf:1    | Noticed a deep elf mage
 12764 | Elf:1    | Killed a hand axe of venom
 12784 | Elf:1    | Noticed a deep elf mage
 12789 | Elf:1    | Killed a deep elf mage
 12814 | Elf:1    | Noticed a deep elf knight
 12877 | Elf:1    | Noticed a deep elf mage
 12881 | Elf:1    | Killed a deep elf mage
 12884 | Elf:1    | Noticed a deep elf mage
 12888 | Elf:1    | Noticed a deep elf knight
 12926 | Elf:1    | Noticed a deep elf mage
 13088 | Elf:2    | Noticed a deep elf archer
 13088 | Elf:2    | Noticed a glaive of venom
 13091 | Elf:2    | Killed a deep elf archer
 13096 | Elf:2    | Annihilated by a glaive of venom

Skill      XL: |  1  2  3  4  5  6  7  8  9 10 11 |
---------------+----------------------------------+-----
Stealth        | 3 4 5 7 10 12 13 | 13.0
Unarmed Combat | 4 5 6 7 8 9 11 10 | 11.9
Dodging        | 7 6 8 11 13 | 13.6
Fighting       | 5 7 8 |  8.0

Action                   |  1- 3 |  4- 6 |  7- 9 | 10-12 || total
-------------------------+-------+-------+-------+-------++-------
Melee: Unarmed           |    94 |   143 |   399 |   198 ||   834
       Bite              |    10 |    10 |    43 |    23 ||    86
       Punch             |     1 |     1 |    17 |     7 ||    26
       Headbutt          |       |       |    59 |    40 ||    99
Evoke: Wand              |       |       |     9 |     2 ||    11
  Use: Scroll            |     1 |     2 |     7 |     6 ||    16
       Potion            |       |     4 |     5 |     1 ||    10
 Stab: Sleeping          |     7 |    31 |    31 |    14 ||    83
       Distracted        |       |     1 |     5 |     3 ||     9
       Invisible         |       |       |     2 |       ||     2
  Eat: Chunk             |     9 |    10 |    21 |     6 ||    46
Armor: Skin              |     4 |     2 |     9 |     2 ||    17
Dodge: Dodged            |    71 |    80 |   343 |   190 ||   684
